 Dungeon Crawl Stone Soup version 0.31-a0-263-ge8cad7f256 (webtiles) character file.

Game seed: 264379580122874210

28 qw the Shooter (level 2, -3/24 HPs)
             Began as a Minotaur Hexslinger on July 13, 2023.
             Succumbed to Terence's poison
             ... on level 2 of the Dungeon.
             The game lasted 00:00:18 (838 turns).

qw the Shooter (Minotaur Hexslinger)                 Turns: 838, Time: 00:00:19

Health: -3/24      AC:  5    Str: 12    XL:     2   Next: 96%
Magic:  2/2        EV: 10    Int: 10    God:
Gold:   68         SH:  0    Dex: 12    Spells: 2/3 levels left

rFire   . . .        Y - +1 sling (drain)
rCold   . . .        (no shield)
rNeg    . . .        b - +0 ring mail
rPois   .            (helmet restricted)
rElec   .            (no cloak)
rCorr   .            (no gloves)
SInv    .            (no boots)
Will    .....        (no amulet)
Stlth   +            (no ring)
HPRegen 0.24/turn    (no ring)
MPRegen 0.08/turn

%: no passive effects
@: lethally poisoned (-3 -> -16)
A: horns 2, retaliatory headbutt
a: no special abilities


You were on level 2 of the Dungeon.
You visited 1 branch of the dungeon, and saw 2 of its levels.

You collected 68 gold pieces.


Innate Abilities, Weirdness & Mutations

You have a pair of horns on your head.
You reflexively headbutt those who attack you in melee.


   Skills:
 - Level 2.1 Fighting
 + Level 3.5 Ranged Weapons
 - Level 2.1 Dodging
 - Level 1.0 Spellcasting
 - Level 2.0 Hexes


You had 2 spell levels left.
You knew the following spells:

 Your Spells              Type           Power      Damage    Failure   Level
a - Slow                  Hex            16%        N/A       34%         1

Your spell library contained the following spells:

 Spells                   Type           Power      Damage    Failure   Level
 Inner Flame              Hex/Fire       2%         N/A       83%         3
 Portal Projectile        Hex/Tloc       4%         N/A       83%         3
 Cause Fear               Hex            2%         N/A       98%         4

Inventory:

Hand Weapons
 Y - a +1 sling of draining (weapon)
Armour
 b - a +0 ring mail (worn)
 c - a +0 pair of boots
Scrolls
 d - a scroll of silence {unknown}
Potions
 a - a potion of lignification {unknown}
 e - a potion of curing {unknown}

Dungeon Overview and Level Annotations

Branches:
Dungeon (2/15)

Altars:

Annotations:
D:2 Terence


Message History

The worm is severely wounded.
You shoot a sling bullet. The sling bullet hits the worm.
The worm is severely wounded.
The worm bites you!
You shoot a sling bullet. The sling bullet hits the worm.
The worm is almost dead.
Terence the Incautious comes into view.
He is wielding a +1 short sword of venom.
You shoot a sling bullet. The sling bullet hits the worm.
You kill the worm!
You shoot a sling bullet.
The sling bullet closely misses the kobold.
You shoot a sling bullet.
The sling bullet closely misses the kobold.
The kobold barely misses you. x2; The kobold hits you with a +0 dagger.
The kobold closely misses you. You furiously retaliate!
You headbutt the kobold!
You kill the kobold!
You shoot a sling bullet.
The sling bullet barely misses the kobold.
The kobold hits you but does no damage. Terence looks scornfully at you.
You shoot a sling bullet.
The sling bullet hits Terence but does no damage.
You drain Terence.
Terence is lightly wounded.
The kobold hits you with a +0 dagger.
Terence hits you with a +1 short sword of venom.
The kobold hits you with a +0 dagger. Terence completely misses you.
You shoot a sling bullet.
The sling bullet closely misses Terence.
The kobold hits you but does no damage. Terence hits you but does no damage.
You are lethally poisoned!
You shoot a sling bullet. The sling bullet hits Terence.
You drain Terence.
Terence is moderately wounded.
You feel very sick. The kobold closely misses you.
Terence hits you with a +1 short sword of venom.
You are more poisoned.
You shoot a sling bullet.
The sling bullet closely misses Terence.
You die...

...... .....
.... ... <) #.
#####@### ...
#....K@.#
##:.#
#.#####.# ..<.
#.# #.# #..#
#.# #.# #..#
#.# #.# #..#
#.#####.#
#..###.......#
#
#.....###.####
.###.##.# #.#


You could see Terence (very drained) and a kobold.

Vanquished Creatures
  A worm (D:2)
  A dart slug (D:1)
  3 ball pythons (D:1)
  2 endoplasms (D:1)
  2 giant cockroaches (D:1)
  2 goblins
  3 hobgoblins (D:1)
  A quokka (D:1)
  A bat (D:1)
  A frilled lizard (D:1)
  3 kobolds
20 creatures vanquished.

Notes
Turn   | Place    | Note
-------+----------+-------------------------------------------
     0 | D:1      | qw the Minotaur Hexslinger began the quest for the Orb.
     0 | D:1      | Reached XP level 1. HP: 16/16 MP: 1/1
     0 | D:1      | 0 ||| qw: Version: 0.3-a-52-g30416fa
     0 | D:1      | 0 ||| qw: Game counter: 7043
     0 | D:1      | 0 ||| qw: Melee chars always use a shield: true
     0 | D:1      | 0 ||| qw: God list: Okawaru
     0 | D:1      | 0 ||| qw: Allow faded altars: false
     0 | D:1      | 0 ||| qw: Do Orc after clearing Dungeon:15 true
     0 | D:1      | 0 ||| qw: Do second Lair branch before Depths: true
     0 | D:1      | 0 ||| qw: Lair rune preference: random
     0 | D:1      | 0 ||| qw: Goals: Normal
     0 | D:1      | 0 ||| PLANNING D:1-11
    31 | D:1      | 31 ||| READING scroll labelled JOIRAENANK.
    32 | D:1      | 32 ||| DROPPING scroll of poison.
    53 | D:1      | Reached skill level 3 in Ranged Weapons
   120 | D:1      | Reached XP level 2. HP: 23/23 MP: 2/2
   264 | D:1      | Found a faded altar of an unknown god.
   725 | D:1      | 725 ||| UPGRADING to +0 ring mail.
   735 | D:1      | 735 ||| DROPPING +0 robe.
   736 | D:1      | 736 ||| READING scroll labelled HOIMPA TOANA.
   737 | D:1      | 737 ||| READING 4 scrolls labelled UQAHISO TOGE.
   738 | D:1      | 738 ||| READING scroll labelled PEXELI ETUAXZA.
   739 | D:1      | 739 ||| DROPPING 3 scrolls of noise.
   830 | D:2      | Noticed Terence
   835 | D:2      | HP: 6/24 [kobold/+0 dagger (3)]
   837 | D:2      | HP: 2/24 [poisoned by Terence]
   838 | D:2      | Succumbed to Terence's poison

Levels and vault maps discovered:
D:1:      spicycebolla_arrival_clurvy, layout_basic,
          ebering_ecumenical_altar_ruins, grunt_decor_cap,
          grunt_decor_mini_mirrors
D:2:      minmay_alternating_diamond, layout_loops_ring, uniq_terence

Skill      XL: |  1  2 |
---------------+-------+-----
Ranged Weapons | 3 |  3.5
Fighting       | 2 |  2.1
Dodging        | |  2.1
Spellcasting   | |  1.0
Hexes          | |  2.0

Action                     || total
---------------------------++-------
   Fire: Sling             ||    46
    Use: Scroll            ||     4
 Armour: Ring mail         ||     3
  Dodge: Dodged            ||     6

Table legend:
 A = Non-vault XP
 B = Vault XP
 C = Vault XP percentage of total XP
 D = Non-vault monster count
 E = Vault monster count
 F = Vault count percentage of total count
                 A         B        C        D         E       F
            +---------+---------+-------+---------+---------+-------
      Total |      40 |       0 |   0.0 |      20 |       0 |   0.0
            +---------+---------+-------+---------+---------+-------
        D:1 |      32 |       0 |   0.0 |      17 |       0 |   0.0
        D:2 |       8 |       0 |   0.0 |       3 |       0 |   0.0
            +---------+---------+-------+---------+---------+-------
